 Dungeon Crawl Stone Soup version 0.25.1-8-g42b30a86e7 (webtiles) character file.

Game seed: 17240189727841114010

57 Gabide the Skirmisher (level 4, -2/37 HPs)
             Began as a Human Abyssal Knight on Dec 4, 2020.
             Was a Follower of Lugonu.
             Succumbed to Sigmund's poison
             ... on level 2 of the Dungeon.
             The game lasted 00:02:37 (1161 turns).

Gabide the Skirmisher (Human Abyssal Knight)        Turns: 1161, Time: 00:02:38

Health: -2/37      AC:  7    Str: 12 (14) XL:     4   Next: 18%
Magic:  5/5        EV: 10    Int: 10 (12) God:    Lugonu [*.....]
Gold:   101        SH:  0    Dex:  9 (12) Spells: 3/3 levels left

rFire    . . .     SeeInvis .   h - +0 hand axe (vamp)
rCold    . . .     Gourm    .   (no shield)
rNeg     . . .     Faith    .   g - +0 ring mail
rPois    .         Spirit   .   (no helmet)
rElec    .         Reflect  .   (no cloak)
rCorr    .         Harm     .   b - +1 pair of gloves
MR       .....                  (no boots)
Stlth    ..........             (no amulet)
HPRegen  0.12/turn              (no ring)
MPRegen  0.09/turn              (no ring)

@: lethally poisoned (-2 -> -46), very slightly contaminated, invisible
A: no striking features
a: Depart the Abyss, Renounce Religion


You were on level 2 of the Dungeon.
You worshipped Lugonu.
Lugonu was aware of your devotion.
You were not hungry.

You visited 1 branch of the dungeon, and saw 2 of its levels.
You visited the Abyss 1 time.

You collected 101 gold pieces.

Inventory:

Hand Weapons
 a - a +1 spear
 h - a +0 vampiric hand axe (weapon)
Armour
 b - a +1 pair of gloves (worn)
 g - a +0 ring mail (worn)
Scrolls
 m - a scroll of remove curse
Potions
 e - a potion of degeneration
 j - a potion of heal wounds {unknown}
 k - a potion of cancellation {unknown}
 l - 2 potions of stabbing {unknown}
Comestibles
 c - 3 rations
 f - 5 chunks of flesh


   Skills:
 + Level 3.9 Fighting
 - Level 2.5 Polearms
 + Level 2.2 Armour
 + Level 1.2 Dodging
 - Level 0.2 Stealth
 * Level 2.3 Invocations


You had 3 spell levels left.
You didn't know any spells.
Your spell library was empty.

Dungeon Overview and Level Annotations

Branches:
Dungeon (2/15)

Altars:

Annotations:
D:2 Sigmund


Message History

You are more poisoned.
It was a potion of invisibility.
You fade into invisibility!
* * * LOW HITPOINT WARNING * * *
You feel very sick.
You are very lightly contaminated with residual magic.
You're too confused to move!
* * * LOW HITPOINT WARNING * * *
You feel very sick. Something hits you.
* * * LOW HITPOINT WARNING * * *
You are more poisoned.
You bump into the rock wall.
* * * LOW HITPOINT WARNING * * *
You feel very sick. Something hits you.
* * * LOW HITPOINT WARNING * * *
You are more poisoned.
You feel less confused.
You die...

.#............)
...............
#.....#......
#.....#.....
#.....#...#
####.....#...# .#
###........#...####...#
..............{.@..>..#
#......###...####...#
#......# #...# .#
###......# #.....
.........# #.......
.........###.....≈..
................≈⌠≈.
....##........≈..≈..
...# #.......≈⌠≈)..≈


There were no monsters in sight!

Vanquished Creatures
  2 adders (D:2)
  An ooze (D:1)
  A worm (D:2)
  A dart slug (D:1)
  A ball python (D:1)
  3 goblins
  6 hobgoblins (D:1)
  3 kobolds (D:1)
  10 bats
  2 frilled lizards (D:1)
  2 rats (D:1)
32 creatures vanquished.

Notes
Turn   | Place    | Note
-------+----------+-------------------------------------------
     0 | Abyss:1  | Gabide the Human Abyssal Knight began the quest for the
                  | Orb.
     0 | Abyss:1  | Reached XP level 1. HP: 18/18 MP: 2/2
    90 | Abyss:1  | Noticed a small abomination
    92 | D:1      | Escaped the Abyss
   280 | D:1      | Reached * piety under Lugonu
   333 | D:1      | Reached XP level 2. HP: 24/24 MP: 3/3
   522 | D:1      | Reached XP level 3. HP: 30/30 MP: 4/4
  1063 | D:2      | Reached XP level 4. HP: 35/37 MP: 5/5
  1142 | D:2      | Noticed Sigmund
  1160 | D:2      | HP: 1/37 [something (1)]
  1161 | D:2      | Succumbed to Sigmund's poison

Illustrated notes

Levels and vault maps discovered:
D:1:      nagdon_arrival_double_spiral, layout_loops_cross
D:2:      layout_basic, nicolae_overflow_hidden_temple, kennysheep_doodads,
          uniq_sigmund

Action                   |  1- 3 |  4- 6 || total
-------------------------+-------+-------++-------
Melee: Spear             |    87 |    12 ||    99
       Hand axe          |       |     5 ||     5
Invok: Depart the Abyss  |     1 |       ||     1
  Use: Scroll            |     2 |     1 ||     3
       Potion            |       |     3 ||     3
 Stab: Sleeping          |     1 |       ||     1
  Eat: Chunk             |       |     1 ||     1
Armor: Leather armour    |     2 |       ||     2
       Ring mail         |    21 |     5 ||    26
Dodge: Dodged            |    32 |     2 ||    34
